 Dungeon Crawl Stone Soup version 0.31.0-1-g2c135a008e (webtiles) character file.

Game seed: 16552126368122966871

6971 James the Fighter (level 11, -4/110 HPs)
             Began as an Oni Hexslinger on Jan 20, 2024.
             Was a Believer of Hepliaklqana.
             Slain by a merfolk
             ... wielding a +0 trident
              (11 damage)
             ... on level 9 of the Dungeon.
             The game lasted 00:51:15 (10342 turns).

James the Fighter (Oni Hexslinger)                 Turns: 10342, Time: 00:51:16

Health: -4/110     AC: 10    Str: 16    XL:     11   Next: 8%
Magic:  22/27      EV:  5    Int: 14    God:    Hepliaklqana [**....]
Gold:   140        SH:  0    Dex: 13    Spells: 17/20 levels left

rFire   . . .        b - +2 hand axe (elec)
rCold   . . .        (no shield)
rNeg    . . .        k - +0 swamp dragon scales
rPois   +            (helmet restricted)
rElec   .            (no cloak)
rCorr   .            (gloves unavailable)
SInv    .            (boots unavailable)
Will    +....        (no amulet)
Stlth   +            E - ring of wizardry
HPRegen 0.38/turn    e - ring of magical power
MPRegen 0.20/turn

%: wizardry (x1)
@: held
A: reduced essence, large, unfitting armour, horns 1, tough skin 1, double
potion healing, drunken brawling
a: Renounce Religion, Recall Ancestor, Ancestor Identity


You were on level 9 of the Dungeon.
You worshipped Hepliaklqana.
Hepliaklqana was pleased with you.
You visited 2 branches of the dungeon, and saw 10 of its levels.

You collected 574 gold pieces.
You spent 434 gold pieces at shops.

Inventory:

Hand Weapons
 a - a +1 sling of draining
 b - a +2 hand axe of electrocution (weapon)
   (You found it on level 2 of the Dungeon)
 c - a +0 long sword of protection
   (You found it on level 8 of the Dungeon)
 i - a +0 giant spiked club
   (You took it off an ogre on level 4 of the Dungeon)
 l - a +0 giant club
   (You took it off an ogre on level 4 of the Dungeon)
 s - a +2 quarterstaff of speed
   (You took it off Joseph on level 9 of the Dungeon)
 t - a +0 short sword
   (You took it off a kobold on level 1 of the Dungeon)
 v - a +2 mace of protection
   (You found it on level 2 of the Dungeon)
 C - a +0 morningstar
   (You took it off an orc on level 8 of the Dungeon)
 D - a +0 trident
   (You found it on level 2 of the Dungeon)
 G - a +0 scimitar
   (You found it on level 5 of the Dungeon)
 I - a +0 dire flail of holy wrath
   (You took it off Edmund on level 5 of the Dungeon)
 K - a +2 dagger of speed
   (You took it off an orc wizard on level 6 of the Dungeon)
 M - a +1 hand axe of electrocution
   (You took it off an orc on level 6 of the Dungeon)
 N - a +2 dagger of holy wrath
   (You took it off an orc on level 6 of the Dungeon)
 P - a +0 orcbow
   (You took it off a centaur on level 6 of the Dungeon)
 R - a +1 dagger of speed
   (You took it off an orc wizard on level 9 of the Dungeon)
 V - a +0 glaive
   (You took it off Maggie on level 6 of the Dungeon)
 W - the +2 war axe "Hellblazer" {heavy, Will+}
   (You bought it in a shop on level 5 of the Dungeon)

   Will+:     It increases your willpower.
 X - a +0 long sword of protection
   (You took it off a deep elf pyromancer on level 9 of the Dungeon)
 Z - a +4 trident of draining
   (You took it off Jeremiah on level 6 of the Dungeon)
Missiles
 n - 7 poisoned darts
 x - 54 stones
 y - 8 boomerangs
 T - a throwing net (quivered) {!f}
Armour
 f - a scarf of harm
   (You found it on level 8 of the Dungeon)
 j - an orb of energy
   (You took it off Jeremiah on level 6 of the Dungeon)
 k - +0 swamp dragon scales (worn)
   (You found it on level 2 of the Dungeon)
 B - an orb of wrath
   (You found it on level 4 of the Dungeon)
 U - +0 acid dragon scales
   (You took it off Maggie on level 6 of the Dungeon)
Jewellery
 e - a ring of magical power (right hand)
   (You found it on level 9 of the Dungeon)
 E - a ring of wizardry (left hand)
   (You found it on level 5 of the Dungeon)
Talismans
 o - a blade talisman
   (You found it on level 2 of the Dungeon)
 H - a maw talisman
   (You found it on level 5 of the Dungeon)
 O - a serpent talisman
   (You found it on level 6 of the Dungeon)
Wands
 m - a wand of polymorph (6)
   (You found it on level 8 of the Dungeon)
 u - a wand of paralysis (21)
   (You found it on level 5 of the Dungeon)
 Y - a wand of mindburst (5)
   (You found it on level 9 of the Dungeon)
Scrolls
 d - 3 scrolls of poison {!r}
 q - 7 scrolls of teleportation {@r4}
 w - a scroll of vulnerability {!r}
 J - a scroll of blinking
 L - a scroll of silence
Potions
 g - 2 potions of might
 h - 5 potions of curing {@q1}
 p - 3 potions of brilliance
 r - 2 potions of cancellation
 z - 2 potions of mutation {unknown}
 A - a potion of berserk rage {unknown}
 F - a potion of resistance {unknown}
 Q - a potion of lignification {unknown}
 S - 2 potions of enlightenment


   Skills:
 - Level 12.0 Fighting
 + Level 9.2 Axes
 - Level 2.0 Ranged Weapons
 - Level 7.0 Armour
 - Level 4.0 Dodging
 - Level 5.0 Spellcasting
 - Level 4.0 Hexes
 - Level 0.8 Fire Magic


You had 17 spell levels left.
You knew the following spells:

 Your Spells              Type           Power      Damage    Failure   Level
a - Jinxbite              Hex            28%        N/A       3%          2
s - Slow                  Hex            56%        N/A       2%          1

Your spell library contained the following spells:

 Spells                   Type           Power      Damage    Failure   Level
 Confusing Touch          Hex            14%        N/A       7%          3
 Sigil of Binding         Hex            14%        N/A       7%          3
 Inner Flame              Hex/Fire       10%        N/A       13%         3
 Cigotuvi's Dreadful Rot  Necr/Alch/Air  6%         N/A       17%         2
 Cause Fear               Hex            7%         N/A       22%         4
 Summon Ice Beast         Ice/Summ       3%         N/A       32%         3
 Vampiric Draining        Necr           3%         2d6       32%         3
 Dimensional Bullseye     Hex/Tloc       4%         N/A       45%         4
 Dispel Undead            Necr           3%         3d7       71%         4
 Martyr's Knell           Necr/Summ      3%         N/A       71%         4
 Summon Mana Viper        Hex/Summ       9%         N/A       78%         5
 Summon Forest            Summ/Tloc      1%         N/A       96%         5
 Death Channel            Necr           1%         N/A       100%        6
 Eringya's Noxious Bog    Alch           1%         4d6       100%        6
 Monstrous Menagerie      Summ           1%         N/A       100%        7
 Summon Hydra             Summ           1%         N/A       100%        7


Dungeon Overview and Level Annotations

Branches:
Dungeon (9/15)             Temple (1/1) D:5            Lair (0/5) D:8
    Orc: D:9-12

Altars:
Ashenzari
Cheibriados
Dithmenos
Elyvilon
Fedhas
Gozag
Hepliaklqana
Kikubaaqudgha
Makhleb
Nemelex Xobeh
Okawaru
Qazlal
Ru
Sif Muna
Trog
Uskayaw
Vehumet
Wu Jian
Xom
Yredelemnul
Zin
The Shining One

Shops:
D:1 ([:*   D:5 (   D:6 *

Annotations:
D:7 exclusion: door


Innate Abilities, Weirdness & Mutations

Your life essence is reduced to manifest your ancestor. (-10% HP)
You are too large for most types of armour.
You have a pair of small horns on your head.
You have tough skin. (AC +1)
You gain doubled healing and magic from potions.
Whenever you drink a healing potion, you attack all around you.


Message History

The gnoll hits you with a +0 halberd!
* * * LOW HITPOINT WARNING * * *
The centaur hits you but does no damage.
The centaur kicks you but does no damage.
The merfolk hits you but does no damage.
The centaur hits you but does no damage.
The centaur kicks you but does no damage.
Things that are here:
a +0 halberd; a gnoll corpse You hit the gnoll.
You headbutt the gnoll, but do no damage.
You hit the centaur but do no damage. Lightning courses through the centaur!!
You kill the centaur!
You hit the centaur.
You kill the centaur!
The gnoll sergeant blocks your attack.
Imgur-Sin points at the gnoll and mumbles some strange words.
The stone arrow misses the gnoll.
The gnoll hits you with a +0 halberd.
* * * LOW HITPOINT WARNING * * *
The gnoll sergeant hits you but does no damage.
The merfolk throws a throwing net.
The throwing net hits you.
You become entangled in the net!
You struggle against the net.
The gnoll hits you with a +0 halberd.
* * * LOW HITPOINT WARNING * * *
The gnoll sergeant hits you but does no damage.
The merfolk hits you from afar with a +0 trident!
* * * LOW HITPOINT WARNING * * *
You struggle against the net.
Imgur-Sin gestures at the gnoll while chanting.
The puff of frost hits the gnoll!
The gnoll dies!
The gnoll sergeant hits you with a +0 spear.
* * * LOW HITPOINT WARNING * * *
The merfolk completely misses you.
You struggle against the net.
Imgur-Sin hits the gnoll sergeant with a +0 quarterstaff.
The gnoll sergeant hits you with a +0 spear.
* * * LOW HITPOINT WARNING * * *
The merfolk hits you from afar with a +0 trident!
* * * LOW HITPOINT WARNING * * *
You take a swig of the potion and twirl your +2 hand axe of electrocution.
You hit the gnoll sergeant.
Your headbutt misses the gnoll sergeant.
You savour every drop.
You feel better.
Imgur-Sin casts a spell at the gnoll sergeant.
The gnoll sergeant blocks the puff of frost.
The gnoll sergeant hits you with a +0 spear.
* * * LOW HITPOINT WARNING * * *
The merfolk hits you from afar with a +0 trident!
You die...

.#.......####)......#
.#.......+........>.##
.#R......###.........###
.'.......#.......).....#
##.......#.~~###'###~~.#
#####+###.~###.).###~.#
≈##...)...##≈# ###)).###
≈≈# #..R@)..# ≈#
###g.)### ...m...
###...### ..... ##...##
..... #...#


You could see the friendly Imgur-Sin the battlemage, a merfolk and a gnoll
sergeant (ally target).

Vanquished Creatures
  A two-headed ogre (D:8)
  Jeremiah (D:6)
  Maggie (D:6)
  Edmund (D:5)
  The ghost of ratatoskos the Changeling, an amateur OpSh (D:3)
  A water moccasin (D:5)
  An orc warrior (D:7)
  4 black bears
  3 ogres
  3 centaurs
  A phantom (D:7)
  7 scorpions
  2 killer bees (D:8)
  2 orc priests
  A gnoll bouda (D:7)
  6 hounds
  2 iguanas
  2 jellies (D:5)
  3 orc wizards
  4 adders
  13 gnolls
  A white imp (D:7)
  4 dart slugs
  A ribbon worm (D:4)
  20 orcs
  4 ball pythons
  8 bats
  2 endoplasms
  3 giant cockroaches (D:1)
  7 goblins
  11 hobgoblins
  5 quokkas
  2 frilled lizards (D:2)
  8 kobolds
  3 rats
139 creatures vanquished.

Vanquished Creatures (collateral kills)
  A two-headed ogre (D:9)
  A deep elf pyromancer (D:9)
  Joseph (D:9)
  A komodo dragon (D:8)
  Sigmund (D:3)
  2 yaks (D:8)
  An acid dragon (D:9)
  A sky beast (D:8)
  An ice beast (D:5)
  A black bear (D:6)
  A centaur (D:9)
  2 bullfrogs
  2 kobold brigands
  A gnoll sergeant (D:9)
  A scorpion (D:8)
  4 killer bees (D:8)
  A howler monkey (D:8)
  An orc priest (D:9)
  2 orc wizards
  8 gnolls
  A shadow imp (D:7)
  4 orcs
  A rat (D:3)
40 creatures vanquished.

Vanquished Creatures (others)
  A battlemage (D:8)
  3 ancestors
4 creatures vanquished.

Grand Total: 183 creatures vanquished

Notes
Turn   | Place    | Note
-------+----------+-------------------------------------------
     0 | D:1      | James the Oni Hexslinger began the quest for the Orb.
     0 | D:1      | Reached XP level 1. HP: 19/19 MP: 2/2
    77 | D:1      | Reached skill level 2 in Fighting
    77 | D:1      | Reached XP level 2. HP: 28/28 MP: 3/3
   223 | D:1      | Found Iphuxkan's Distillery.
   237 | D:1      | Found Ceamn's Book Emporium.
   246 | D:1      | Found Biom's Assorted Antiques.
   408 | D:1      | Bought a blue potion for 25 gold pieces
   465 | D:1      | Reached XP level 3. HP: 36/36 MP: 4/4
   568 | D:1      | Learned a level 2 spell: Jinxbite
   604 | D:1      | Found Duvviazo's Antique Armour Shoppe.
   619 | D:1      | Noticed a +0 executioner's axe
   621 | D:1      | Found Obyicepa's Weapon Boutique.
   630 | D:1      | Noticed a +0 executioner's axe
  1093 | D:2      | Reached skill level 3 in Fighting
  1760 | D:2      | Reached XP level 4. HP: 45/45 MP: 6/6
  2091 | D:1      | Bought a scroll labelled AMPEBAKHLUO for 28 gold pieces
  2091 | D:1      | Bought a scroll labelled ZUINERPHIERR for 28 gold pieces
  2091 | D:1      | Bought a scroll labelled PUAVVI TYM for 28 gold pieces
  2243 | D:3      | Found a faded altar of an unknown god.
  2262 | D:3      | Noticed Sigmund
  2439 | D:3      | Found a hazy altar of Hepliaklqana.
  2474 | D:3      | Reached skill level 1 in Armour
  2614 | D:3      | Found a burning altar of Makhleb.
  2626 | D:3      | Reached skill level 4 in Fighting
  2651 | D:3      | Became a worshipper of Hepliaklqana the Forgotten
  2722 | D:3      | Found a runed translucent gate.
  2723 | D:3      | Found a runed translucent gate.
  2725 | D:3      | Found a runed translucent gate.
  2727 | D:3      | Noticed a scorpion
  2727 | D:3      | Noticed ratatoskos's ghost (amateur OpSh)
  2765 | D:3      | Noticed a +0 spear
  2765 | D:3      | Noticed a +0 short sword
  2766 | D:3      | Noticed a +0 dagger
  2766 | D:3      | Noticed a +0 dagger
  2766 | D:3      | Noticed a +0 spear
  2767 | D:3      | Noticed a +0 falchion
  2767 | D:3      | Noticed a +0 short sword
  2769 | D:3      | Noticed a +0 falchion
  2773 | D:3      | Found a hide-covered altar of Uskayaw.
  3443 | D:4      | Reached XP level 5. HP: 55/55 MP: 7/7
  3576 | D:4      | Noticed an ogre
  3702 | D:4      | Killed an ogre
  3703 | D:4      | Reached skill level 5 in Fighting
  3703 | D:4      | Reached XP level 6. HP: 12/66 MP: 6/9
  4047 | D:4      | Noticed a black bear
  4054 | D:4      | Killed a black bear
  4373 | D:5      | Entered Level 5 of the Dungeon
  4387 | D:4      | Reached XP level 7. HP: 47/74 MP: 13/13
  4478 | D:5      | Reached skill level 6 in Fighting
  4586 | D:5      | Found a staircase to the Ecumenical Temple.
  4664 | D:5      | Found Jaseuhesat's Antique Weapon Emporium.
  4705 | D:5      | Reached skill level 7 in Fighting
  4789 | Temple   | Found a transporter.
  4789 | Temple   | Found a transporter.
  4789 | Temple   | Found a transporter.
  4789 | Temple   | Found a transporter.
  4789 | Temple   | Entered the Ecumenical Temple
  4950 | D:5      | Reached XP level 8. HP: 72/87 MP: 12/14
  5011 | D:5      | Reached * piety under Hepliaklqana
  5309 | D:5      | Noticed Edmund
  5327 | D:5      | Killed Edmund
  5328 | D:5      | Reached skill level 8 in Fighting
  5467 | D:5      | Found a bloodstained altar of Trog.
  5595 | D:5      | Reached skill level 9 in Fighting
  5728 | D:6      | Found Uficyitt's Assorted Antiques.
  5860 | D:6      | Reached skill level 5 in Armour
  5925 | D:6      | Reached skill level 10 in Fighting
  6079 | D:6      | Reached XP level 9. HP: 67/90 MP: 15/15
  6402 | D:6      | Found a blossoming altar of Fedhas.
  6520 | D:6      | Reached skill level 5 in Spellcasting
  6520 | D:6      | Noticed Maggie
  6536 | D:6      | Killed Maggie
  6633 | D:5      | Bought a masterwork war axe for 280 gold pieces
  6633 | D:5      | Identified the +2 war axe "Hellblazer" {heavy, Will+} (You
                  | bought it in a shop on level 5 of the Dungeon)
  6856 | D:3      | Found a burning altar of Makhleb.
  7089 | D:3      | Found a hazy altar of Hepliaklqana.
  7117 | D:3      | Found a faded altar of an unknown god.
  7220 | D:3      | Found a hide-covered altar of Uskayaw.
  7343 | D:3      | Killed Sigmund
  7486 | D:3      | Killed ratatoskos's ghost
  7653 | D:6      | Bought an amethyst potion for 21 gold pieces
  7653 | D:6      | Bought a scroll labelled QELUUZ QEIC for 24 gold pieces
  7686 | D:7      | Reached skill level 11 in Fighting
  7690 | D:7      | Noticed Jeremiah
  7753 | D:6      | Learned a level 1 spell: Slow
  8193 | D:7      | Reached skill level 12 in Fighting
  8222 | D:6      | Killed Jeremiah
  8676 | D:8      | Reached ** piety under Hepliaklqana
  8677 | D:8      | Remembered your ancestor Imgur-Sin as a battlemage
  8690 | D:8      | Reached XP level 10. HP: 94/103 MP: 15/17
  8691 | D:8      | Reached skill level 1 in Axes
  8732 | D:8      | Found a staircase to the Lair.
  8840 | D:8      | Noticed a two-headed ogre
  8852 | D:8      | Killed a two-headed ogre
  8853 | D:8      | Reached skill level 5 in Axes
  9452 | D:8      | Found Zonejip's Weapon Shop.
  9743 | D:9      | Noticed a two-headed ogre
  9743 | D:9      | Noticed a deep elf pyromancer
  9745 | D:9      | Noticed Joseph
  9750 | D:9      | Killed a two-headed ogre
  9762 | D:9      | HP: 4/103 [Joseph/+2 quarterstaff of speed (13)]
  9762 | D:9      | Killed a deep elf pyromancer
  9766 | D:9      | Killed Joseph
 10053 | D:9      | Reached XP level 11. HP: 84/110 MP: 18/18
 10341 | D:9      | HP: 3/110 [merfolk/+0 trident (10)]
 10342 | D:9      | Slain by a merfolk

Illustrated notes

Levels and vault maps discovered:
D:1:      dpeg_arrival_round_b, layout_basic, serial_shops, nicolae_shop_stone,
          shop, shop, nicolae_shop_mannequins, nicolae_shop_tiny_real_fake_doors
D:2:      minmay_inner_zag, layout_loops_corners, minmay_misc_feat_nine_boxes,
          amcnicky_mini_pool_small, hangedman_abyss_or_decor_lesser_grid,
          nicolae_concentric_dashed_squares_mild, chequers_big_river,
          nrook_campfire, fountainhead, minmay_misc_feat_four_crosses
D:3:      layout_basic, nicolae_uskayaw_en_pointe,
          mainiacjoe_overflow_catwalk_spiral, shapermc_ecumenical_altar_venn,
          gammafunk_ghost_split, uniq_sigmund
D:4:      layout_loops_ring
D:5:      layout_cave_pools, kennysheep_mini_moat,
          minmay_temple_entry_sparse_star, serial_shops, shop,
          nicolae_concentric_dashed_squares_wild, uniq_edmund
D:6:      minmay_angry_zag, layout_cave_pools, old_standard_altar, serial_shops,
          nicolae_shop_stone, uniq_maggie
D:7:      minmay_the_grid_octo_triangle [minmay_the_grid_octo_checkered,
          minmay_the_grid_octo_prize_single_spiral,
          minmay_the_grid_octo_shrine], layout_rooms, uniq_jeremiah
D:8:      layout_basic, grunt_lair_entry_orc_guard_hut, serial_shops,
          nicolae_shop_real_fake_doors
D:9:      layout_roguey, roadster_trireme, uniq_joseph
Temple:   hellmonk_temple_divided_pantheon

Skill      XL: |  1  2  3  4  5  6  7  8  9 10 11 |
---------------+----------------------------------+-----
Dodging        | 2 3 4 |  4.0
Fighting       | 2 3 4 5 7 10 12 | 12.0
Ranged Weapons | 2 |  2.0
Armour         | 2 3 4 5 7 |  7.0
Spellcasting   | 2 4 5 |  5.0
Hexes          | 3 4 |  4.0
Axes           | 8 9 |  9.2
Fire Magic     | |  0.8

Action                     |  1- 3 |  4- 6 |  7- 9 | 10-12 || total
---------------------------+-------+-------+-------+-------++-------
  Melee: Dagger            |     8 |       |       |       ||     8
         Headbutt          |     3 |    11 |    34 |    22 ||    70
         Short sword       |     5 |       |       |       ||     5
         Hand axe          |       |    54 |   163 |    83 ||   300
         Punch             |       |       |     3 |     2 ||     5
   Fire: Sling             |   124 |    35 |    85 |     8 ||   252
   Cast: Jinxbite          |     1 |     3 |    15 |     2 ||    21
 Invoke: Recall Ancestor   |       |       |     2 |       ||     2
         Ancestor Life: Ba |       |       |     1 |       ||     1
  Evoke: Wand              |       |       |     1 |       ||     1
    Use: Scroll            |       |     9 |     7 |     1 ||    17
         Potion            |       |       |     1 |     5 ||     6
   Stab: Paralysed         |       |       |     6 |       ||     6
         Distracted        |       |       |       |     1 ||     1
 Armour: Robe              |    34 |       |       |       ||    34
         Swamp dragon scal |    10 |    63 |   226 |   123 ||   422
  Dodge: Dodged            |    34 |    36 |    92 |    80 ||   242
